 Dungeon Crawl Stone Soup version 0.30-a0-6-g7c9e10e132 (webtiles) character file.

Game seed: 16484546530702264453

149 SensoryNuts the Trooper (level 5, -8/46 HPs)
             Began as a Draconian Fighter on Aug 22, 2022.
             Mangled by a gnoll
             ... wielding a +0 halberd
              (13 damage)
             ... on level 5 of the Dungeon.
             The game lasted 00:03:21 (3173 turns).

SensoryNuts the Trooper (Draconian Fighter)         Turns: 3173, Time: 00:03:22

Health: -8/46      AC:  5    Str: 32    XL:     5   Next: 9%
Magic:  5/5        EV: 12    Int:  8    God:
Gold:   204        SH:  5    Dex: 11    Spells: 4/4 levels left

rFire   . . .      SeeInvis .    r - +6 hand axe "Mugutat" {flame, Str+6}
rCold   . . .      Faith    .    b - +1 buckler
rNeg    . . .      Spirit   .    (body armour unavailable)
rPois   .          Reflect  .    (helmet restricted)
rElec   .          Harm     .    (no cloak)
rCorr   .          Rampage  .    (no gloves)
Will    .....                    (no boots)
Stlth   +.........               (no amulet)
HPRegen 0.15/turn                k - +6 ring of strength
MPRegen 0.09/turn                (no ring)

@: mighty
A: AC +5, unfitting armour, cold-blooded
a: no special abilities


You were on level 5 of the Dungeon.
You visited 1 branch of the dungeon, and saw 5 of its levels.

You collected 204 gold pieces.

Inventory:

Hand Weapons
 a - a +0 war axe
 d - the +6 trident of Beogh, Stopping {flame, rC+ rN+++ Str-2}
   (You took it off a goblin on level 2 of the Dungeon)

   It burns those it strikes, dealing additional fire damage.
   Str:       It affects your strength (-2).
   rC:        It protects you from cold.
   rN:        It renders you almost immune to negative energy.
 r - the +6 hand axe "Mugutat" (weapon) {flame, Str+6}
   (You found it on level 5 of the Dungeon)

   It burns those it strikes, dealing additional fire damage.
   Big, fiery blades are also staple armaments of hydra-hunters.
   Str:       It affects your strength (+6).
Armour
 b - a +1 buckler (worn)
Jewellery
 k - a +6 ring of strength (left hand)
Scrolls
 e - 3 scrolls of poison
 g - a scroll of enchant armour
 i - a scroll of silence {unknown}
 l - 3 scrolls of magic mapping {unknown}
 m - a scroll of brand weapon {unknown}
 n - a scroll of identify
 o - a scroll of blinking {unknown}
 q - a scroll of teleportation {unknown}
Potions
 h - a potion of berserk rage {unknown}
 j - a potion of brilliance {unknown}
 p - a potion of attraction {unknown}


   Skills:
 + Level 4.0 Fighting
 * Level 2.7(3.1) Axes
 - Level 2.1(2.8) Polearms
 + Level 3.4 Dodging
 + Level 0.8 Stealth
 + Level 3.4 Shields


You had 4 spell levels left.
You didn't know any spells.
Your spell library contained the following spells:

 Spells                   Type           Power      Damage    Failure   Level
 Slow                     Hex            0%         N/A       50%         1
 Confusing Touch          Hex            0%         N/A       86%         3
 Gell's Gravitas          Tloc           0%         N/A       86%         3
 Inner Flame              Hex/Fire       0%         N/A       86%         3
 Stone Arrow              Conj/Erth      0%         3d7       86%         3
 Teleport Other           Tloc           0%         N/A       86%         3
 Vampiric Draining        Necr           0%         2d6       86%         3
 Cause Fear               Hex            0%         N/A       99%         4
 Dispersal                Tloc           0%         N/A       100%        6
 Discord                  Hex            0%         N/A       100%        8
 Lehudib's Crystal Spear  Conj/Erth      0%         10d2      100%        8
 Animate Armour           Summ/Erth      Unusable   N/A       N/A         4

Dungeon Overview and Level Annotations

Branches:
Dungeon (5/15)
 Temple: D:4-7

Altars:
Nemelex Xobeh

Shops:
D:3 ?


Innate Abilities, Weirdness & Mutations

Your plain brown scales are hard. (AC +5)
You cannot fit into any form of body armour.
You are cold-blooded and may be slowed by cold attacks.


Message History

The iguana attacks as you move away!
The iguana bites you. 2 gnolls come into view.
The gnoll shouts!
You feel very mighty all of a sudden. The hound bites you.
The gnoll hits you with a +0 club. You block the hound's attack.
You barely miss the gnoll.
The gnoll shouts!
You hit the hound. You burn the hound. You slash the iguana!
You burn the iguana. The hound bites you. You block the iguana's attack.
The gnoll hits you with a +0 club.
The gnoll hits you from afar with a +2 vampiric halberd!
* * * LOW HITPOINT WARNING * * *
You block the hound's attack.
You closely miss the iguana. You tail-slap the iguana.
You kill the iguana!
You completely miss the hound. You hit the gnoll. You burn the gnoll.
The hound closely misses you. The gnoll hits you with a +0 club.
* * * LOW HITPOINT WARNING * * *
The gnoll closely misses you. x2; The hound bites you but does no damage.
Your Fighting skill increases to level 4!
You have reached level 5!
As you read the scroll of summoning, it crumbles to dust.
Wisps of shadow whirl around you... The gnoll closely misses you.
The gnoll hits you from afar with a +0 halberd.
* * * LOW HITPOINT WARNING * * *
The gnoll barely misses you. The hound closely misses you.
Unknown command.
You slash the gnoll! You burn the gnoll.
You kill the gnoll!
You closely miss the hound. You hit the gnoll. You burn the gnoll.
The hound closely misses you. The gnoll hits you with a +0 club.
* * * LOW HITPOINT WARNING * * *
The gnoll hits you but does no damage. The gnoll misses you.
The hound misses you.
Your phantom hits the gnoll.
Your phantom closely misses the hound.
Your necrophage hits the gnoll.
The gnoll hits your necrophage with a +0 club.
The gnoll completely misses you.
The gnoll hits you from afar with a +0 halberd!
You die...

..............###
........#.#(..#.##
.........#>.......###
.........?........#.##
.....###.##...#......##
h.............##......##
..............##gW.....#
.#........##.Y##h..##...#
###.........gg@)W.....##
.##.........n####.##.##
.............#..######
...........Y.g......#
...#.....###..#.....#
...##.$.?.....#....##
....#......g.......#
#...#.....l........# ...
.........##..#...#


You could see an ice beast, a hound (ally target), 3 gnolls, a friendly
necrophage (summoned) and 2 friendly phantoms.

Vanquished Creatures
  Jessica (D:3)
  An iguana (D:5)
  A gnoll (D:5)
  4 adders (D:2)
  A dart slug (D:3)
  8 ball pythons
  4 bats
  5 endoplasms
  2 giant cockroaches
  7 goblins
  3 hobgoblins
  5 jackals
  3 quokkas
  3 frilled lizards
  5 kobolds
  6 rats
59 creatures vanquished.

Notes
Turn   | Place    | Note
-------+----------+-------------------------------------------
     0 | D:1      | SensoryNuts the Draconian Fighter began the quest for the
                  | Orb.
     0 | D:1      | Reached XP level 1. HP: 19/19 MP: 1/1
   225 | D:1      | Found a faded altar of an unknown god.
   237 | D:1      | Reached XP level 2. HP: 17/26 MP: 2/2
  1120 | D:2      | Identified the +6 trident of Beogh, Stopping {flame, rC+
                  | rN+++ Str-2}
  1123 | D:2      | Reached XP level 3. HP: 23/31 MP: 3/3
  1716 | D:2      | Reached skill level 1 in Polearms
  1947 | D:2      | Reached XP level 4. HP: 40/40 MP: 4/4
  1965 | D:2      | Found a sparkling altar of Nemelex Xobeh.
  2390 | D:3      | Noticed Jessica
  2398 | D:3      | Killed Jessica
  2698 | D:3      | Found Toicw's Magic Scroll Emporium.
  3121 | D:5      | Entered Level 5 of the Dungeon
  3140 | D:5      | Identified the +6 hand axe "Mugutat" {flame, Str+6}
  3146 | D:5      | Noticed an ice beast
  3156 | D:5      | Noticed a black bear
  3172 | D:5      | Reached skill level 4 in Fighting
  3172 | D:5      | Reached XP level 5. HP: 7/46 MP: 5/5
  3173 | D:5      | Mangled by a gnoll

Illustrated notes

Levels and vault maps discovered:
D:1:      co_arrival_square_in_a_square_in_a_square, layout_loops_ring,
          chequers_ecumenical_altar_simple, fountainhead
D:2:      layout_basic, basic_altar, kennysheep_big_empty_room
D:3:      layout_loops_ring, serial_shops, shop_statue, uniq_jessica
D:4:      layout_layer_cave, worldfamousw_hep_ancestral_shrine,
          minmay_temple_entry_water_ring, nicolae_figureground_pulse,
          uniq_natasha, uniq_grinder, uniq_robin
D:5:      layout_cave_pools, slow_altar_2, chequers_serial_rivers_micro_a

Skill      XL: |  1  2  3  4 |
---------------+-------------+-----
Dodging        | 3 |  3.4
Polearms       | 1 2 |  2.1
Fighting       | 4 |  4.0
Axes           | |  2.7
Stealth        | |  0.8
Shields        | |  3.4

Action                   |  1- 3 |  4- 6 || total
-------------------------+-------+-------++-------
Melee: War axe           |    66 |       ||    66
       Tailslap          |     7 |     3 ||    10
       Trident           |    25 |    32 ||    57
       Hand axe          |       |     3 ||     3
  Use: Scroll            |     3 |     1 ||     4
       Potion            |       |     1 ||     1
 Stab: Sleeping          |     1 |     1 ||     2
Armor: Skin              |    14 |     7 ||    21
Dodge: Dodged            |    57 |    25 ||    82
Block: Buckler           |    18 |     6 ||    24

Table legend: (Time is in decaauts)
 A = Elapsed time spent in this place.
 B = Non-inter-level travel time spent in this place.
 C = Inter-level travel time spent in this place.
 D = Time resting spent in this place.
 E = Time spent auto-exploring this place.
 F = Levels seen in this place.
 G = Mean time per level.
                   A        B        C        D        E       F      G
               +--------+--------+--------+--------+--------+-----+--------+
         Total |   3216 |   2940 |    276 |      0 |   2488 |   5 |  643.2 |
       Dungeon |   3216 |   2940 |    276 |      0 |   2488 |   5 |  643.2 |
               +--------+--------+--------+--------+--------+-----+--------+

Top non-repeatable levels by time:
     D:2: 1135 daAuts
     D:1: 1112 daAuts
     D:3: 856 daAuts
     D:4: 60 daAuts
     D:5: 51 daAuts
